 Dungeon Crawl Stone Soup version 0.30-b1-2-g02819fbbbe (webtiles) character file.

Game seed: 184730052583207495

14 sanka the Firebug (level 2, 0/26 HPs)
             Began as a Draconian Cinder Acolyte on May 5, 2023.
             Was a High Priest of Ignis.
             Succumbed to an adder's poison
             ... on level 2 of the Dungeon.
             The game lasted 00:00:54 (1312 turns).

sanka the Firebug (Draconian Cinder Acolyte)        Turns: 1312, Time: 00:00:55

Health: 0/26       AC:  4    Str: 16    XL:     2   Next: 31%
Magic:  4/4        EV: 11    Int: 14    God:    Ignis [*****.]
Gold:   53         SH:  0    Dex:  6    Spells: 4/4 levels left

rFire   + .          .
                       - Unarmed
rCold   . . .        (no shield)
rNeg    . . .        (body armour unavailable)
rPois   .            (helmet restricted)
rElec   .            (no cloak)
rCorr   .            (no gloves)
SInv    .            (no boots)
Will    .....        (no amulet)
Stlth   +            (no ring)
HPRegen 0.24/turn    (no ring)
MPRegen 0.09/turn

%: no passive effects
@: lethally poisoned (0 -> -1)
A: AC +4, unfitting armour, cold-blooded
a: Renounce Religion, Fiery Armour, Foxfire Swarm, Rising Flame


You were on level 2 of the Dungeon.
You worshipped Ignis.
Ignis was extremely pleased with you.
You visited 1 branch of the dungeon, and saw 2 of its levels.

You collected 53 gold pieces.

Inventory:

Scrolls
 a - a scroll of enchant armour {unknown}
 c - a scroll of brand weapon {unknown}


   Skills:
 - Level 3.2 Fighting
 - Level 3.0 Unarmed Combat
 + Level 1.6 Spellcasting
 + Level 3.4 Fire Magic


You had 4 spell levels left.
You didn't know any spells.
Your spell library contained the following spells:

 Spells                   Type           Power      Damage    Failure   Level
 Scorch                   Fire           20%        2d5       9%          2


Dungeon Overview and Level Annotations

Branches:
Dungeon (2/15)

Altars:


Innate Abilities, Weirdness & Mutations

Your plain brown scales are hard. (AC +4)
You cannot fit into any form of body armour.
You are cold-blooded and may be slowed by cold attacks.


Message History

You are poisoned.
The adder poisons you!
An adder comes into view.
The adder bites you.
You are more poisoned.
The adder poisons you!
Nothing quivered!
Unknown command.
You feel very sick.
Unknown command.
The adder attacks as you move away! The adder bites you.
You are more poisoned.
The adder poisons you!
You feel very sick.
Unknown command.
Unknown command.
Unknown command.
Unknown command.
You barely miss the adder.
You feel sick. The adder closely misses you.
Unknown command.
You miss the adder.
Your tail-slap misses the adder.
You feel sick. The adder closely misses you. The adder completely misses you.
Unknown command.
You miss the adder.
You feel sick. The adder bites you.
You miss the adder.
Your tail-slap misses the adder.
You feel sick. The adder bites you but does no damage.
Unknown command.
You barely miss the adder.
You feel sick. The adder bites you.
* * * LOW HITPOINT WARNING * * *
Unknown command.
Unknown command.
You barely miss the adder.
Your tail-slap misses the adder.
You feel sick. The adder misses you. The adder bites you.
* * * LOW HITPOINT WARNING * * *
It was a potion of cancellation.
You feel magically purged.
* * * LOW HITPOINT WARNING * * *
You feel sick. The adder bites you but does no damage.
You aren't carrying any potions.
You barely miss the adder.
You die...

#S# #.#
#.# #.#
#.# #.#
#.#
######.#
#...@S.#
#.####.#
#.# #.#
## #.#
### .#
#.# .#
#######.#
.#
#.......#
.#
#.#######
.#
###...#


You could see an adder.

Vanquished Creatures
  A giant cockroach (D:1)
  3 hobgoblins (D:1)
  3 kobolds (D:1)
  2 ball pythons
  A frilled lizard (D:1)
  A goblin (D:1)
  3 rats
14 creatures vanquished.

Notes
Turn   | Place    | Note
-------+----------+-------------------------------------------
     0 | D:1      | sanka the Draconian Cinder Acolyte began the quest for the
                  | Orb.
     0 | D:1      | Reached XP level 1. HP: 19/19 MP: 2/2
   498 | D:1      | Reached XP level 2. HP: 24/26 MP: 2/4
  1311 | D:2      | HP: 1/26 [poisoned by an adder]
  1312 | D:2      | Succumbed to an adder's poison

Illustrated notes

Levels and vault maps discovered:
D:1:      psy_arrival_heroes, layout_basic, skrybe_limestone_x, chequers_jeans,
          roderic_lattice_a, minivault_4, minmay_misc_feat_x
D:2:      layout_basic, basic_altar

Action                     || total
---------------------------++-------
  Melee: Unarmed           ||    69
         Tailslap          ||     7
    Use: Potion            ||     1
 Armour: Skin              ||    21
  Dodge: Dodged            ||    28
